 Dungeon Crawl Stone Soup version 0.20.1-1-g8b1a95d (webtiles) character file.

42436 equalderp2856 the Severer (level 13, 0/116 HPs)
             Began as a Minotaur Fighter on Oct 20, 2017.
             Slain by a death yak (15 damage)
             ... on level 6 of the Lair of Beasts.
             The game lasted 00:45:45 (23114 turns).

equalderp2856 the Severer (Minotaur Fighter)       Turns: 23114, Time: 00:45:47

Health: 0/116      AC: 17    Str: 21    XL:     13   Next: 85%
Magic:  0/17       EV:  8    Int:  7    God:
Gold:   1305       SH: 15    Dex: 13    Spells: 16/19 levels left

rFire    + . .     SeeInvis .   x - +2 war axe (holy)
rCold    + . .     Gourm    .   c - +0 shield
rNeg     . . .     Faith    .   j - +0 plate armour {rC+}
rPois    .         Spirit   +   (helmet restricted)
rElec    .         Reflect  +   z - scarf {Spirit}
rCorr    .         Harm     .   b - +0 pair of gloves
MR       .....                  (no boots)
Stlth    ..........             B - +3 amulet of reflection
Regen    0.3/turn               P - ring of protection from fire
MPRegen  0.2/turn               a - +3 ring of slaying

@: about to teleport
A: retaliatory headbutt, horns 2
a: no special abilities


You were on level 6 of the Lair of Beasts.
You were very hungry.

You visited 2 branches of the dungeon, and saw 15 of its levels.
You also visited: Ice Cave.

You collected 1365 gold pieces.
You spent 60 gold pieces at shops.

Inventory:

Hand Weapons
 l - a +0 broad axe
 s - the cursed +2 trident of Indomitability {freeze, rPois Str+5 Int-2}
   (You found it on level 6 of the Lair of Beasts)

   It has been specially enchanted to freeze those struck by it, causing extra
   injury to most foes and up to half again as much damage against particularly
   susceptible opponents.
   It can also slow down cold-blooded creatures.
   It affects your strength (+5).
   It affects your intelligence (-2).
   It protects you from poison.
   It has a curse placed upon it.
 x - a +2 war axe of holy wrath (weapon)
 W - a +0 trident
Armour
 b - a +0 pair of gloves (worn)
 c - a +0 shield (worn)
 j - a +0 plate armour of cold resistance (worn)
 z - a scarf of spirit shield (worn)
 O - a +2 buckler
Jewellery
 a - a +3 ring of slaying (right hand)
 d - an uncursed amulet of magic regeneration
 u - the ring "Keitez" {+Fly rPois rN+ Dex+2}
   (You found it in an ice cave)

   [ring of flight]

   It affects your dexterity (+2).
   It protects you from poison.
   It protects you from negative energy.
   It lets you fly.
 y - an uncursed ring of ice
 A - an uncursed amulet of the gourmand
 B - a +3 amulet of reflection (around neck)
 C - an uncursed amulet of rage
 G - an uncursed ring of see invisible
 H - an uncursed ring of resist corrosion
 N - an uncursed amulet of faith
 P - a ring of protection from fire (left hand)
 Q - an uncursed ring of wizardry
 X - an uncursed ring of wizardry
Wands
 g - a wand of polymorph (4/24)
 m - a wand of iceblast (0/15)
 D - a wand of flame (25/48)
 I - a wand of digging (12/24)
 J - a wand of disintegration (0/24)
 V - a wand of iceblast (9/15)
Scrolls
 e - 10 scrolls of remove curse
 h - 3 scrolls of magic mapping
 o - 3 scrolls of fog
 q - 4 scrolls of teleportation
 r - 5 scrolls of enchant weapon {unknown}
 v - 6 scrolls of fear {unknown}
 w - 5 scrolls of immolation {unknown}
 E - 2 scrolls of identify
 F - 3 scrolls of amnesia {unknown}
 K - 3 scrolls of enchant armour {unknown}
 L - 2 scrolls of random uselessness {unknown}
 S - a scroll of torment {unknown}
 U - a scroll of vulnerability {unknown}
 Z - a scroll of acquirement {unknown}
Potions
 i - 5 potions of agility
 k - 13 potions of curing
 M - 3 potions of brilliance
 R - 4 potions of magic
Miscellaneous
 t - a phial of floods
Comestibles
 f - 7 bread rations
 n - 5 meat rations
 p - 2 royal jellies
 Y - 3 fruits


   Skills:
 + Level 11.4 Fighting
 + Level 16.1(16.2) Axes
 + Level 3.3(11.3) Polearms
 + Level 13.5 Armour
 + Level 2.8 Dodging
 + Level 1.8 Stealth
 + Level 11.7 Shields
 * Level 3.9 Spellcasting
 * Level 4.0 Charms
 + Level 1.7 Evocations


You had 16 spell levels left.
You knew the following spells:

 Your Spells              Type           Power        Failure   Level  Hunger
a - Ozocubu's Armour      Chrm/Ice       #.......     100%        3    ####...


Dungeon Overview and Level Annotations

Branches:
Dungeon (9/15)             Temple (0/1) D:6            Lair (6/6) D:9
  Swamp (0/4) Lair:2        Snake (0/4) Lair:4        Slime (0/5) Lair:6
    Orc: D:9-12

Altars:
Cheibriados
Dithmenos
Hepliaklqana
Kikubaaqudgha
Makhleb
Nemelex Xobeh
Okawaru
Ru
Trog
Uskayaw
Vehumet
Xom
Zin

Shops:
D:5 =   D:9 !

Annotations:
Lair:3 1 runed door


Innate Abilities, Weirdness & Mutations

You reflexively headbutt those who attack you in melee.
You have a pair of horns on your head.


Message History

* * * LOW HITPOINT WARNING * * *
The death yak gores you!
* * * LOW HITPOINT WARNING * * *
The death yak gores you but does no damage.
You feel much better. The death yak gores you!!
* * * LOW HITPOINT WARNING * * *
The death yak barely misses you. You furiously retaliate!
You headbutt the death yak, but do no damage.
The death yak gores you.
* * * LOW HITPOINT WARNING * * *
Unknown command.
You hit the death yak but do no damage. You headbutt the death yak!
The death yak is heavily wounded.
You slash the death yak! You barely miss the death yak.
You block the death yak's attack.
Unknown command.
You hit the death yak.
The death yak is heavily wounded.
You hit the death yak. You barely miss the death yak. The death yak gores you!
You die...

####.....# ##...#.#
##.......## #.....##
#.#.....#.# ###..####
P........### ##.P..##
...........## #......##
............## ##..##..#
.............##### ##..###.#
..............##Y###.......#
......(.......YY@##.......##
......Y........##Y........#
..............#.#.........####
...............#.............#
...........................P##
............>................#
..................#.........##
.................##.........##
.†.......#........##.........#


You could see 4 death yaks.

Vanquished Creatures
  A fire dragon (Lair:6)
  5 hydras
  2 ice dragons (IceCv)
  Erica (D:9)
  2 death yaks (Lair:6)
  2 two-headed ogres (D:9)
  The ghost of Atash the Severer, a novice MiBe of Trog (Lair:1)
  The ghost of Irenicus the Grappler, a novice DDTm of Makhleb (D:6)
  A swamp dragon (Lair:6)
  A lindwurm (Lair:4)
  A manticore (Lair:6)
  2 ice statues (IceCv)
  Joseph (D:8)
  3 black mambas
  12 spiny frogs
  7 rime drakes
  9 komodo dragons
  A troll (D:9)
  16 blink frogs
  Grinder (D:5)
  8 hippogriffs
  6 dream sheep (Lair:5)
  Sigmund (D:2)
  7 spriggans (Lair:1)
  A wraith (D:8)
  14 yaks
  Grum (Lair:1)
  4 basilisks
  A steam dragon (Lair:6)
  3 acid dragons (Lair:6)
  5 nagas (Lair:4)
  16 water moccasins
  6 porcupines
  3 orc warriors
  3 sky beasts
  A swamp drake (Lair:6)
  2 black bears
  19 ice beasts
  A phantom (D:7)
  8 ogres
  6 wolves (Lair:1)
  6 centaurs
  14 crocodiles
  A big kobold (D:8)
  10 bullfrogs
  11 killer bees (D:8)
  2 howler monkeys
  2 vampire bats (D:3)
  5 wights
  2 electric eels (Lair:3)
  A bullfrog zombie (D:8)
  A crimson imp (D:9)
  A centaur zombie (D:7)
  5 orc priests
  7 hounds
  A centaur skeleton (D:9)
  2 gnoll shamans
  4 jellies
  11 orc wizards
  2 bullfrog skeletons
  2 iguanas
  6 worker ants
  A hound zombie (D:9)
  3 hound skeletons
  9 adders
  17 gnolls
  2 shadow imps
  An ooze (D:1)
  An adder zombie (D:6)
  5 worms
  The ghost of dscm the Shield-Bearer, a weakling FoFi (D:4)
  A dart slug (D:2)
  4 leopard geckos
  51 orcs
  5 bat skeletons (D:3)
  2 bat zombies (D:3)
  3 giant cockroaches
  14 goblins
  9 hobgoblins
  5 jackals (D:3)
  7 kobolds
  5 quokkas
  5 bats
  3 frilled lizards
  A jackal skeleton (D:4)
  10 rats
  5 fungi
  3 plants
455 creatures vanquished.

Vanquished Creatures (others)
  13 fungi
  20 plants
  13 toadstools
46 creatures vanquished.

Grand Total: 501 creatures vanquished

Notes
Turn   | Place    | Note
-------+----------+-------------------------------------------
     0 | D:1      | equalderp2856 the Minotaur Fighter began the quest for the Orb.
     0 | D:1      | Reached XP level 1. HP: 19/19 MP: 0/0
    66 | D:1      | Reached XP level 2. HP: 27/27 MP: 1/1
   769 | D:2      | Reached XP level 3. HP: 29/33 MP: 2/2
  1001 | D:2      | Noticed Sigmund
  1018 | D:2      | Killed Sigmund
  1018 | D:2      | Reached skill level 4 in Axes
  1018 | D:2      | Reached skill level 5 in Armour
  1018 | D:2      | Reached XP level 4. HP: 16/41 MP: 3/3
  1018 | D:2      | Reached XP level 5. HP: 19/47 MP: 4/4
  1454 | D:3      | Found a faded altar of an unknown god.
  1548 | D:3      | Reached skill level 5 in Axes
  1715 | D:3      | Found a sacrificial altar of Ru.
  1717 | D:3      | Found a burning altar of Makhleb.
  1718 | D:3      | Found a shadowy altar of Dithmenos.
  1887 | D:3      | Found a shimmering altar of Xom.
  1888 | D:3      | Found a hazy altar of Hepliaklqana.
  1888 | D:3      | Noticed a yak
  1889 | D:3      | Reached XP level 6. HP: 53/53 MP: 5/5
  1892 | D:3      | Noticed a spectral ugly thing
  1892 | D:3      | Noticed a yak
  2026 | D:3      | Found an ancient bone altar of Kikubaaqudgha.
  2027 | D:3      | Reached skill level 5 in Shields
  2077 | D:4      | Noticed dscm's ghost (weakling FoFi)
  2096 | D:3      | Reached skill level 6 in Axes
  2529 | D:4      | Reached XP level 7. HP: 60/60 MP: 6/6
  2633 | D:4      | Killed dscm's ghost
  3115 | D:5      | Entered Level 5 of the Dungeon
  3126 | D:4      | Reached skill level 5 in Fighting
  3126 | D:4      | Reached skill level 7 in Axes
  3217 | D:5      | Noticed Grinder
  3229 | D:5      | Killed Grinder
  3238 | D:5      | Reached skill level 1 in Stealth
  3238 | D:5      | Reached XP level 8. HP: 67/69 MP: 7/7
  3244 | D:5      | Found a radiant altar of Vehumet.
  3300 | D:5      | Reached skill level 8 in Axes
  3422 | D:5      | Found Effiv's Jewellery Shop.
  3790 | D:6      | Noticed Irenicus's ghost (novice DDTm)
  3812 | D:6      | Killed Irenicus's ghost
  3812 | D:6      | Reached skill level 9 in Axes
  3812 | D:6      | Reached skill level 1 in Dodging
  4037 | D:6      | Reached XP level 9. HP: 78/78 MP: 8/8
  4098 | D:6      | Reached skill level 10 in Axes
  4214 | D:6      | Found an iron altar of Okawaru.
  4428 | D:6      | Found a staircase to the Ecumenical Temple.
  5104 | D:7      | Reached skill level 11 in Axes
  5447 | D:7      | Found a glowing silver altar of Zin.
  5526 | D:7      | Found a hide-covered altar of Uskayaw.
  5646 | D:8      | Found a sparkling altar of Nemelex Xobeh.
  5920 | D:8      | Reached XP level 10. HP: 69/88 MP: 7/9
  6085 | D:8      | Reached skill level 12 in Axes
  6254 | D:8      | Noticed Joseph
  6282 | D:8      | Killed Joseph
  6784 | D:8      | Found a snail-covered altar of Cheibriados.
  6829 | D:8      | Noticed a moth of wrath
  6833 | D:8      | Found a bloodstained altar of Trog.
  7281 | D:9      | Found a staircase to the Lair.
  7287 | D:9      | Reached skill level 13 in Axes
  7599 | D:9      | Noticed a two-headed ogre
  7617 | D:9      | Killed a two-headed ogre
  7767 | D:9      | Found Wumaph's Distillery.
  7786 | D:9      | Bought a potion of heal wounds for 60 gold pieces
  7922 | D:9      | Noticed a two-headed ogre
  7941 | D:9      | Killed a two-headed ogre
  7941 | D:9      | Reached XP level 11. HP: 30/97 MP: 4/10
  8454 | Lair:1   | Entered Level 1 of the Lair of Beasts
  8454 | Lair:1   | Noticed Atash's ghost (novice MiBe)
  8504 | D:9      | Reached skill level 1 in Evocations
  8852 | D:9      | Reached skill level 14 in Axes
  9456 | Lair:1   | Noticed Grum
  9486 | Lair:1   | Killed Grum
  9737 | Lair:1   | Reached skill level 10 in Armour
 10602 | Lair:1   | Noticed Erica
 10716 | D:9      | Killed Erica
 11305 | Lair:1   | Killed Atash's ghost
 12176 | Lair:2   | Reached XP level 12. HP: 103/106 MP: 11/11
 12715 | Lair:1   | Learned a level 3 spell: Ozocubu's Armour
 12980 | Lair:2   | Found a staircase to the Swamp.
 12996 | Lair:2   | Reached skill level 15 in Axes
 13870 | Lair:3   | Reached skill level 10 in Shields
 13876 | Lair:3   | Noticed a five-headed hydra
 13899 | Lair:3   | Killed a five-headed hydra
 14154 | Lair:3   | Reached skill level 1 in Polearms
 14154 | Lair:3   | Reached skill level 1 in Charms
 14441 | Lair:3   | Reached skill level 1 in Spellcasting
 14537 | Lair:3   | Noticed a five-headed hydra
 14578 | Lair:3   | Killed a five-headed hydra
 15348 | Lair:3   | Reached skill level 10 in Fighting
 15924 | Lair:3   | Found a runed door.
 16621 | Lair:5   | Noticed a five-headed hydra
 17187 | Lair:4   | Found a staircase to the Snake Pit.
 18443 | Lair:5   | Reached XP level 13. HP: 91/114 MP: 11/15
 19174 | Lair:6   | Entered Level 6 of the Lair of Beasts
 19273 | Lair:6   | Found a frozen archway.
 19477 | IceCv    | Entered an ice cave
 20272 | IceCv    | Reached skill level 16 in Axes
 20430 | IceCv    | Got a flickering amber ring
 20486 | IceCv    | Identified the ring "Keitez" {+Fly rPois rN+ Dex+2} (You found it in an ice cave)
 21108 | Lair:6   | Found a staircase to the Slime Pits.
 22539 | Lair:6   | Noticed a fire dragon
 22558 | Lair:6   | Killed a fire dragon
 22977 | Lair:6   | Identified the cursed +2 trident of Indomitability {freeze, rPois Str+5 Int-2} (You found it on level 6 of the Lair of Beasts)
 23114 | Lair:6   | Slain by a death yak

Skill      XL: |  1  2  3  4  5  6  7  8  9 10 11 12 13 |
---------------+----------------------------------------+-----
Armour         | 4 5 6 7 9 11 12 13 | 13.5
Fighting       | 4 5 6 7 9 10 11 | 11.4
Axes           | 4 5 6 7 9 11 13 14 15 16 | 16.1
Shields        | 4 5 6 7 8 9 10 11 | 11.7
Stealth        | 1 |  1.8
Dodging        | 1 2 |  2.8
Evocations     | 1 |  1.7
Polearms       | 2 3 |  3.3
Charms         | 2 4 |  4.0
Spellcasting   | 2 3 |  3.9

Action                   |  1- 3 |  4- 6 |  7- 9 | 10-12 | 13-15 || total
-------------------------+-------+-------+-------+-------+-------++-------
Melee: War axe           |    80 |   109 |   289 |   670 |   273 ||  1421
       Headbutt          |    15 |    20 |    55 |   191 |   105 ||   386
       Broad axe         |       |       |       |   143 |    44 ||   187
       Trident           |       |       |       |    37 |    35 ||    72
 Abil: Evoke Flight      |       |       |       |       |     3 ||     3
Evoke: Wand              |       |       |     2 |    13 |     2 ||    17
  Use: Scroll            |       |       |       |    13 |     5 ||    18
       Potion            |       |       |       |     5 |     2 ||     7
 Stab: Invisible         |       |       |       |     1 |       ||     1
  Eat: Chunk             |       |     5 |    11 |    24 |    13 ||    53
       Fruit             |       |       |       |     4 |       ||     4
       Royal jelly       |       |       |       |     6 |     1 ||     7
Armor: Scale mail        |    12 |       |       |       |       ||    12
       Plate armour      |    23 |    85 |   166 |   343 |   175 ||   792
Dodge: Dodged            |    12 |    21 |    70 |   202 |    63 ||   368
Block: Shield            |    36 |    78 |   124 |   201 |   206 ||   645
       Buckler           |       |       |    22 |   184 |       ||   206
